cohdb
Replays
Latest Replays
All Replays
Popular Replays
Top Player Replays
Match Explorer
How It Works
Community
CoH3 Stats
Reddit
Sign in to upload your games and track your stats! →
Sign in with Steam
Match 45607726
Unlisted
Match 45607726
Overview
Messages
Build Orders
End
Kradschützen Motorcycle Team
Selects Italian Combined Arms Battlegroup
Selects Bersaglieri Squad
Bersaglieri Squad
Bersaglieri Squad
Construct Light Support Kompanie
250 Light Carrier
Combat Half-tracks
Fire Support Elements
Selects Bersaglieri Bolster
Pak 38 Mechanized Group
2.5-tonne Medical Truck
Pak 38 Anti-tank Gun Team
Veteran Squad Leaders
Flakvierling Half-track
Selects Breda Model 30 Light Machine Guns
Vehicle Survival Package
Construct Panzerarmee Kommand
Flakvierling Half-track
Construct Panzerarmee Kommand
Selects Semovente da 75/18 Assault Gun
MG34 Team
Selects Strafing Run
Strafing Run
Walking Stuka Rocket Launcher
Selects Pact of Steel
Strafing Run
Emergency Repair Kits
Panzer III L Medium Tank
Panzerpioneer Squad
Pak 38 Mechanized Group
Panzer III L Medium Tank
Rapid Advance
Ra11
MatioS
Dirkradix
Pinhead Larry
mr.napalman
makke
0
0
Comments
sign in to comment!
No comments posted yet!